[Event "Team 45 45 League T82"]
[Site "Internet Chess Club"]
[Date "2019.10.17"]
[Round "4"]
[White "gregorgg"]
[Black "Gilguli"]
[Result "0-1"]
[WhiteElo "1160"]
[BlackElo "1345"]
[Opening "Queen's pawn, Mason variation"]
[ECO "D00"]
[Time "15:02:09"]
[TimeControl "2700+45"]

1. d4 d5 2. Bf4 Nc6 3. Nf3 Bf5 4. c3 Nf6 5. e3 e6 6. Bb5 Bd6 7. Bg3 O-O 8. Bxc6
bxc6 9. Qa4 Rb8 10. Bxd6 Qxd6 11. b3 Rb7 12. O-O Bd3 13. Re1 Rfb8 14. c4 dxc4
15. Ne5 cxb3 16. Nxd3 b2 17. Nxb2 Rxb2 18. Qxa7 Ng4 19. g3 Qb4 20. Rf1 Qb6 21.
Qxb6 R8xb6 22. Nc3 Rc2 23. Ne4 Rbb2 24. a4 f5 25. h3 Nxe3 26. Rfe1 Nd5 27. Ng5
Rxf2 28. Rxe6 Rg2+ 29. Kf1 Nf6 30. a5 h6 31. a6 hxg5 32. Rxc6 Ne4 33. Ra3 Rbf2+
{White resigns} 0-1

[Event "Team 45 45 League T82"]
[Site "Internet Chess Club"]
[Date "2019.10.19"]
[Round "4"]
[White "julesraider"]
[Black "WillC"]
[Result "1-0"]
[WhiteElo "1678"]
[BlackElo "1549"]
[Opening "QGD: 4.Bg5 Be7"]
[ECO "D53"]
[Time "18:02:43"]
[TimeControl "2700+45"]

1. d4 d5 2. c4 e6 3. Nc3 Nf6 4. Bg5 Be7 5. cxd5 exd5 6. Qc2 O-O 7. e3 a6 8. Bd3
h6 9. Bh4 b6 10. Nf3 Bb7 11. a3 Nbd7 12. O-O c5 13. h3 Re8 14. Bg3 c4 15. Be2 b5
16. Nd2 Qb6 17. Bf3 Bd6 18. Bxd6 Qxd6 19. Rfe1 Rad8 20. Rad1 Qb6 21. Ra1 Bc6 22.
b3 cxb3 23. Qxb3 Qb7 24. Reb1 Ne4 25. Ra2 Nb6 26. a4 Nxd2 27. Rxd2 Nc4 28. Ra2
Rb8 29. axb5 axb5 30. Re2 Qd7 31. Qb4 Rb7 32. Qc5 Reb8 33. Bxd5 Bxd5 34. Nxd5
Rc8 35. Ne7+ Qxe7 36. Qxc8+ Kh7 37. Qf5+ g6 38. Qd3 Na3 39. Rb3 b4 40. Reb2 Qd6
41. Rxa3 Rc7 42. Ra1 Rc3 43. Qd2 {Black resigns} 1-0

[Event "Team 45 45 League T82"]
[Site "Internet Chess Club"]
[Date "2019.10.21"]
[Round "4"]
[White "Kingofknights"]
[Black "ARMAND02019"]
[Result "1/2-1/2"]
[WhiteElo "1562"]
[BlackElo "1650"]
[Opening "QGD: Albin counter-gambit"]
[ECO "D08"]
[Time "16:46:53"]
[TimeControl "2700+45"]

1. d4 d5 2. c4 e5 3. cxd5 Qxd5 4. dxe5 Qxd1+ 5. Kxd1 Nc6 6. Bf4 Bf5 7. Nc3
O-O-O+ 8. Kc1 Bb4 9. e4 Bxc3 10. exf5 Bxe5 11. Bxe5 Nxe5 12. Kc2 Nf6 13. f4 Neg4
14. Nf3 Rhe8 15. Rc1 Ne3+ 16. Kb1 Nxf1 17. Rhxf1 Ng4 18. h3 Ne3 19. Rf2 Nxf5 20.
Ng5 f6 21. Nf3 Rd6 22. g4 Nh6 23. Rfc2 c6 24. g5 fxg5 25. Nxg5 Rf8 26. Rf2 Rh8
{Game drawn by mutual agreement} 1/2-1/2

[Event "Team 45 45 League T82"]
[Site "Internet Chess Club"]
[Date "2019.10.17"]
[Round "4"]
[White "olivermx"]
[Black "tightfist"]
[Result "1-0"]
[WhiteElo "1283"]
[BlackElo "1478"]
[Opening "French: exchange variation"]
[ECO "C01"]
[Time "22:05:37"]
[TimeControl "2700+45"]

1. e4 e6 2. d4 d5 3. exd5 exd5 4. Bd3 Nf6 5. Nf3 Bd6 6. h3 O-O 7. O-O b6 8. Be3
Ba6 9. Bxa6 Nxa6 10. c3 Re8 11. Nbd2 c5 12. a3 Qd7 13. Qe2 cxd4 14. cxd4 Nc7 15.
Rac1 Bf4 16. Rfe1 Bxe3 17. fxe3 Rac8 18. Ne5 Qb5 19. Qxb5 Nxb5 20. Nc6 Rc7 21.
Ne5 Rec8 22. Nb3 Nd6 23. Rxc7 Rxc7 24. Rc1 Rxc1+ 25. Nxc1 Nc4 26. Nxc4 dxc4 27.
Ne2 Ne4 28. Nc3 Nxc3 29. bxc3 b5 30. Kf2 f5 31. Kf3 Kf7 32. Kf4 Kf6 33. h4 a5
34. e4 fxe4 35. Kxe4 Ke6 36. d5+ Kd6 37. Kd4 g6 38. g3 h5 39. Ke4 b4 40. cxb4
axb4 41. axb4 c3 42. Kd3 Kxd5 43. Kxc3 Ke4 44. b5 Kf3 45. b6 Kxg3 46. b7 Kxh4
47. b8=Q g5 48. Qd8 Kg4 49. Qd4+ Kg3 50. Qg1+ Kf4 51. Kd2 h4 52. Ke2 h3 53. Qh2+
Kg4 54. Kf2 Kh4 55. Qg3+ Kh5 56. Qxh3+ Kg6 57. Kg3 Kf6 58. Kg4 Kg6 59. Qh5+
{Black resigns} 1-0

[Event "Team 45 45 League T82"]
[Site "Internet Chess Club"]
[Date "2019.10.19"]
[Round "4"]
[White "kingphisch"]
[Black "oldbookseller"]
[Result "1-0"]
[WhiteElo "1400"]
[BlackElo "999"]
[Opening "Scotch opening"]
[ECO "C44"]
[Time "15:03:06"]
[TimeControl "2700+45"]

1. e4 e5 2. Nf3 Nc6 3. d4 f6 4. Bc4 Nge7 5. Nc3 d6 6. dxe5 Nxe5 7. Nxe5 fxe5 8.
O-O Ng6 9. Qf3 Qf6 10. Qxf6 gxf6 11. f4 Bg4 12. h3 Bxh3 13. gxh3 Nh4 14. fxe5
dxe5 15. Be3 Rg8+ 16. Bxg8 O-O-O 17. Be6+ Kb8 18. Rxf6 Be7 19. Rff1 b6 20. Rad1
Re8 21. Bd5 Rd8 22. Kh2 c6 23. Bxc6 Rg8 24. Rd2 Rc8 25. Bd5 Rf8 26. Rxf8+ Bxf8
27. Rf2 Be7 28. Rf7 {Black resigns} 1-0

[Event "Team 45 45 League T82"]
[Site "Internet Chess Club"]
[Date "2019.10.19"]
[Round "4"]
[White "Demachaeron"]
[Black "QuieroAprender"]
[Result "0-1"]
[WhiteElo "1704"]
[BlackElo "1694"]
[Opening "Ruy Lopez: exchange, Gligoric variation"]
[ECO "C69"]
[Time "19:01:03"]
[TimeControl "2700+45"]

1. e4 e5 2. Nf3 Nc6 3. Bb5 a6 4. Bxc6 dxc6 5. O-O f6 6. b3 Bg4 7. d3 Bd6 8. Be3
Ne7 9. Nbd2 g5 10. h3 Bh5 11. Qe1 Qd7 12. Nh2 O-O-O 13. Nc4 Bf7 14. Nxd6+ Qxd6
15. Qc3 Ng6 16. Rfd1 Nf4 17. Qc5 Qxc5 18. Bxc5 Kd7 19. Kf1 h5 20. Bb4 b6 21. Bc3
Be6 22. d4 exd4 23. Bxd4 Ke7 24. Be3 Ng6 25. Rd2 g4 26. hxg4 hxg4 27. Rxd8 Kxd8
28. Kg1 c5 29. Nf1 Kd7 30. Rd1+ Kc6 31. Ng3 b5 32. Ne2 a5 33. a3 c4 34. Nd4+ Kd7
35. Nxb5+ Ke7 36. Nxc7 cxb3 37. Nxe6 bxc2 38. Rc1 Kxe6 39. Rxc2 a4 40. g3 Ne5
41. Kg2 Nf3 42. Rc6+ Ke5 43. Rc5+ Kxe4 44. Rc4+ Kd3 45. Rxg4 Ke2 46. Bh6 Ne1+
47. Kg1 Nf3+ 48. Kg2 Ne1+ 49. Kg1 Rxh6 50. Re4+ Kd2 51. f4 f5 52. Rxa4 Ke3 53.
Rb4 Nf3+ 54. Kg2 Rh2+ {White resigns} 0-1

[Event "Team 45 45 League T82"]
[Site "Internet Chess Club"]
[Date "2019.10.22"]
[Round "4"]
[White "andrew37"]
[Black "RD1974"]
[Result "1/2-1/2"]
[WhiteElo "1629"]
[BlackElo "1599"]
[Opening "Sicilian: Alapin's variation (2.c3)"]
[ECO "B22"]
[Time "17:15:55"]
[TimeControl "2700+45"]

1. e4 c5 2. c3 Nf6 3. e5 Ng8 4. Nf3 e6 5. d4 d5 6. exd6 Bxd6 7. Bd3 Nc6 8. O-O
Nf6 9. Bg5 cxd4 10. cxd4 O-O 11. Nc3 h6 12. Bh4 a6 13. Rc1 Ne7 14. Bxf6 gxf6 15.
Ne4 Nd5 16. Bb1 Bb8 17. Qc2 f5 18. Nc3 b5 19. Nxd5 Qxd5 20. Qd2 Kg7 21. Rc5 Qd6
22. Qc3 Bb7 23. Ne5 Qe7 24. Qg3+ Kh7 25. Qh3 Bxe5 26. Rxe5 Qg5 27. f4 Qg6 28.
Re3 Rg8 29. Rg3 Qf6 30. Rd1 Rxg3 31. hxg3 Rg8 32. g4 Be4 33. g5 Qg6 34. Bxe4
fxe4 35. Qxh6+ Qxh6 36. gxh6 Kxh6 37. Kf2 f5 38. d5 exd5 39. Rxd5 Rc8 40. Rxf5
Rc2+ 41. Ke3 Rxg2 42. Rf6+ Kg7 43. Rxa6 Rxb2 44. Kxe4 Re2+ 45. Kf5 b4 46. Ra7+
Kf8 47. Kf6 Ke8 48. f5 Rc2 49. Ra6 Rc7 50. Rb6 Rc4 51. Ke6 Re4+ 52. Kd5 Rf4 53.
Ke5 Rc4 54. f6 Rc2 55. Rxb4 Re2+ 56. Kf5 Rxa2 57. Re4+ Kf7 58. Re7+ Kf8 59. Rb7
Rf2+ 60. Ke6 Re2+ 61. Kf5 Rf2+ 62. Kg5 Rg2+ 63. Kf4 Rf2+ 64. Ke5 Re2+ 65. Kd6
Rd2+ 66. Ke5 Re2+ {Game drawn by mutual agreement} 1/2-1/2

[Event "Team 45 45 League T82"]
[Site "Internet Chess Club"]
[Date "2019.10.21"]
[Round "4"]
[White "Rybo88"]
[Black "Balderdash"]
[Result "1/2-1/2"]
[WhiteElo "1516"]
[BlackElo "1314"]
[Opening "QGD: Marshall defense"]
[ECO "D06"]
[Time "10:00:45"]
[TimeControl "2700+45"]

1. d4 d5 2. c4 Nf6 3. Nf3 Nc6 4. Nc3 e6 5. Bg5 Be7 6. e3 h6 7. Bh4 Bd7 8. Be2 g5
9. Bg3 Nh5 10. cxd5 Nxg3 11. hxg3 Nb4 12. dxe6 Bxe6 13. a3 Nd5 14. Ne4 g4 15.
Ne5 h5 16. Nxg4 f5 17. Ne5 fxe4 18. Bxh5+ Kf8 19. Ng6+ Kg7 20. Nxh8 Qxh8 21. Qe2
Nf6 22. O-O-O Qc8 23. Qb5 Nd5 24. Kb1 c6 25. Qe2 Qc7 26. Bg4 Qb6 27. Ka1 Bf7 28.
Bf5 Rg8 29. Rh7+ Kf8 30. Bxe4 Nf6 31. Rxf7+ Kxf7 32. Bb1 Ke8 33. Rh1 Kd8 34. Rh6
Nd7 35. Ba2 Rg5 36. Rh8+ Kc7 37. Rh5 Qa5 38. g4 Nf6 39. Rxg5 Qxg5 40. Be6 Ne4
41. f4 Qh4 42. g5 Qh1+ 43. Ka2 a5 44. g6 Bxa3 45. g7 Qc1 46. g8=Q Nd2 47. Qxd2
Qxd2 48. Kxa3 Qb4+ 49. Ka2 Qa4+ 50. Kb1 Qd1+ 51. Ka2 Qa4+ 52. Kb1 Qd1+ 53. Ka2
Qa4+ 54. Kb1 {Game drawn by repetition} 1/2-1/2

[Event "Team 45 45 League T82"]
[Site "Internet Chess Club"]
[Date "2019.10.18"]
[Round "4"]
[White "Andaluz"]
[Black "kingsrook"]
[Result "0-1"]
[WhiteElo "1347"]
[BlackElo "1261"]
[Opening "Sicilian defense"]
[ECO "B40"]
[Time "13:03:35"]
[TimeControl "2700+45"]

1. e4 c5 2. Nf3 e6 3. c3 d5 4. exd5 exd5 5. d4 Nc6 6. dxc5 Bxc5 7. Be2 Nf6 8.
Bg5 O-O 9. O-O Re8 10. Ne1 a6 11. Nd3 Ba7 12. Re1 h6 13. Bh4 b5 14. Nd2 d4 15.
Rc1 Bb7 16. Bf3 Qb6 17. Rxe8+ Rxe8 18. Bxf6 gxf6 19. cxd4 Nxd4 20. Kf1 Nxf3 21.
Nxf3 Rd8 22. Rc2 Be4 23. Rd2 Rxd3 24. Ne1 Rxd2 25. Qxd2 Kg7 26. f3 Bd5 27. b3
Qg1+ {White forfeits on time} 0-1

[Event "Team 45 45 League T82"]
[Site "Internet Chess Club"]
[Date "2019.10.21"]
[Round "4"]
[White "BrianWood"]
[Black "Portola"]
[Result "1-0"]
[WhiteElo "1588"]
[BlackElo "1640"]
[Opening "QGD: classical variation (5.Bf4)"]
[ECO "D37"]
[Time "19:00:30"]
[TimeControl "2700+45"]

1. Nf3 d5 2. c4 e6 3. d4 Nf6 4. Nc3 Be7 5. Bf4 c6 6. e3 Nbd7 7. cxd5 exd5 8. h3
O-O 9. Bd3 b6 10. Qc2 h6 11. O-O Bb7 12. a3 a5 13. Rfe1 c5 14. Rad1 Bc6 15. Bf5
c4 16. Ne5 Nxe5 17. dxe5 Ne8 18. Nxd5 Bxd5 19. e4 b5 20. exd5 Qb6 21. d6 Bg5 22.
Bxg5 hxg5 23. d7 Nc7 24. Rd6 Qc5 25. Qe4 Rad8 26. Qg4 Ne6 27. Rxe6 Rxd7 28. Rd6
Rxd6 29. exd6 Qxd6 30. Bc2 Qd2 31. Qe4 g6 32. Rd1 Qf4 33. Qxf4 gxf4 34. Kf1 g5
35. Rd5 {Black resigns} 1-0

[Event "Team 45 45 League T82"]
[Site "Internet Chess Club"]
[Date "2019.10.20"]
[Round "4"]
[White "scostanzo212"]
[Black "President"]
[Result "1/2-1/2"]
[WhiteElo "1592"]
[BlackElo "1625"]
[Opening "Grünfeld: Spassky variation, main line, 10...cd, 11.cd"]
[ECO "D88"]
[Time "09:01:05"]
[TimeControl "2700+45"]

1. d4 Nf6 2. c4 g6 3. Nc3 d5 4. cxd5 Nxd5 5. e4 Nxc3 6. bxc3 Bg7 7. Bc4 c5 8.
Ne2 cxd4 9. cxd4 Nc6 10. Be3 O-O 11. O-O e6 12. Qd2 Na5 13. Rac1 Nxc4 14. Rxc4
Bd7 15. Qb4 b5 16. Rc2 a5 17. Qd2 b4 18. Rfc1 Rc8 19. Rxc8 Bxc8 20. Qc2 Ba6 21.
Rd1 Qc8 22. Rd2 Qb7 23. f3 Rc8 24. Qa4 Qb6 25. Kf2 Bb5 26. Qd1 Bxe2 27. Qxe2 Qb7
28. Rc2 h6 29. Rc4 a4 30. Bd2 b3 31. axb3 axb3 32. Rb4 Qa7 33. Rxb3 Rc2 34. Qd3
Qxd4+ 35. Qxd4 Bxd4+ 36. Ke2 Ra2 37. Kd3 Bg7 38. Rb8+ Kh7 39. Rc8 Ra3+ 40. Bc3
Bxc3 41. Rxc3 Ra2 42. Rc2 Ra1 43. h3 Kg7 44. Ke3 g5 45. Rd2 e5 46. Kf2 f6 47. g4
Kg6 48. Kg2 Ra6 49. Rc2 h5 50. Rd2 h4 51. Kf2 Kf7 52. Kg2 Ke6 53. Kf2 Rd6 54.
Rxd6+ Kxd6 55. Ke3 Kc5 56. Kd3 Kb4 57. Kd2 Kb3 58. Kd3 Kb4 59. Kd2 Kc4 60. Kc2
Kd4 61. Kd2 Kc4 62. Kc2 Kb4 63. Kb2 Kc4 64. Kc2 Kd4 65. Kd2 {Game drawn by
mutual agreement} 1/2-1/2

[Event "Team 45 45 League T82"]
[Site "Internet Chess Club"]
[Date "2019.10.19"]
[Round "4"]
[White "liujf"]
[Black "g8wrb"]
[Result "1-0"]
[WhiteElo "1550"]
[BlackElo "1277"]
[Opening "French: King's Indian attack"]
[ECO "C00"]
[Time "14:02:52"]
[TimeControl "2700+45"]

1. e4 e6 2. d3 d5 3. Nd2 Nf6 4. g3 Bc5 5. Bg2 O-O 6. Ngf3 Nc6 7. O-O b6 8. Re1
Bb7 9. c3 Re8 10. d4 Bf8 11. e5 Nd7 12. c4 dxc4 13. Nxc4 Nb4 14. a3 Nd5 15. Qd3
Rc8 16. Ng5 f5 17. g4 h6 18. gxf5 hxg5 19. Bxd5 Bxd5 20. Re3 Be7 21. Rh3 Rf8 22.
f6 gxf6 23. Qh7# {Black checkmated} 1-0

[Event "Team 45 45 League T82"]
[Site "Internet Chess Club"]
[Date "2019.10.18"]
[Round "4"]
[White "SeniorCitizen"]
[Black "Visin"]
[Result "0-1"]
[WhiteElo "1177"]
[BlackElo "1265"]
[Opening "King's pawn game"]
[ECO "C21"]
[Time "13:00:42"]
[TimeControl "2700+45"]

1. e4 e5 2. d4 Nc6 3. d5 Nce7 4. Nf3 d6 5. Be2 Nf6 6. Nc3 Bd7 7. O-O Ng6 8. h3
Be7 9. Be3 a6 10. Nh2 b5 11. b4 Qc8 12. a3 c5 13. Qd2 cxb4 14. axb4 O-O 15. Bd3
Nh5 16. Ne2 f5 17. f4 fxe4 18. Bxe4 Bf5 19. Bxf5 Qxf5 20. fxe5 Qxe5 21. Rxf8+
Rxf8 22. Rf1 Rxf1+ 23. Nxf1 Qe4 24. Neg3 Nxg3 25. Nxg3 Qc4 26. c3 Qc7 27. Ne4
Ne5 28. Bg5 h6 29. Bxe7 Qxe7 30. Qf4 Nc4 31. Qg4 Qf7 32. Qg3 Qe7 33. Qf3 Qf7 34.
Qxf7+ Kxf7 35. Kf2 Kg6 36. Kf3 Kf5 37. g4+ Ke5 38. h4 Kxd5 39. h5 Ke5 40. g5 Kf5
41. gxh6 gxh6 42. Ng3+ Kg5 43. Ke4 Kg4 44. Nf5 Kxh5 45. Kd5 Kg5 46. Ng7 h5 47.
Ne6+ Kg4 48. Ke4 h4 49. Nd4 h3 {White resigns} 0-1

[Event "Team 45 45 League T82"]
[Site "Internet Chess Club"]
[Date "2019.10.19"]
[Round "4"]
[White "primerpaso"]
[Black "room-matt"]
[Result "0-1"]
[WhiteElo "1801"]
[BlackElo "1843"]
[Opening "English, Kramnik-Shirov counterattack"]
[ECO "A21"]
[Time "12:18:47"]
[TimeControl "2700+45"]

1. c4 e5 2. Nc3 Bb4 3. g3 d6 4. Bg2 Nc6 5. Nd5 f5 6. Nxb4 Nxb4 7. Nf3 e4 8. Nd4
c5 9. Nc2 Nxc2+ 10. Qxc2 Nf6 11. O-O O-O 12. d3 Re8 13. Rd1 Qe7 14. dxe4 Nxe4
15. Bf4 g5 16. Bxe4 Qxe4 17. Qxe4 Rxe4 18. Bxg5 Rxe2 19. b3 Re6 20. Rd5 b6 21.
Kf1 Bb7 22. Rxf5 Rae8 23. Be3 Be4 24. Rg5+ Kf7 25. Rd1 a6 26. Rd2 b5 27. cxb5
axb5 28. Ke2 d5 29. Bxc5 h6 30. Be3 hxg5 31. Bxg5 Bf5+ 32. Be3 Rd8 33. Kf3 Re4
34. Bf4 d4 35. g4 Bg6 36. h4 Ke6 37. h5 Rf8 38. hxg6 Rfxf4+ {White resigns} 0-1

[Event "Team 45 45 League T82"]
[Site "Internet Chess Club"]
[Date "2019.10.19"]
[Round "4"]
[White "Packerfan"]
[Black "QuieroAprender"]
[Result "0-1"]
[WhiteElo "1752"]
[BlackElo "1676"]
[Opening "Giuoco Piano"]
[ECO "C54"]
[Time "16:04:01"]
[TimeControl "2700+45"]

1. e4 e5 2. Nf3 Nc6 3. Bc4 Bc5 4. c3 Nf6 5. d3 h6 6. O-O Bb6 7. Nbd2 O-O 8. Bb3
d6 9. Nc4 Be6 10. Nxb6 Bxb3 11. Qxb3 axb6 12. a3 Na5 13. Qc2 Re8 14. h3 Nc6 15.
Nh2 d5 16. exd5 Qxd5 17. Be3 Rad8 18. Rad1 Qa2 19. f4 e4 20. dxe4 Nxe4 21. Rxd8
Nxd8 22. Bd4 Ng3 23. Rd1 Re2 24. Qd3 Qb3 25. Nf1 Ne6 26. Nxg3 Rxg2+ 27. Kxg2
Nxf4+ 28. Kf3 Nxd3 29. Rxd3 Qxb2 30. Nf5 f6 31. c4 Qc2 32. Ke4 Qxc4 33. Rc3 Qe6+
34. Kf4 g5+ 35. Kg4 Qe4+ 36. Kh5 Qxf5 37. Rxc7 Qxh3+ 38. Kg6 Qd3+ 39. Kxh6 Qxd4
40. Kg6 Kf8 {White resigns} 0-1

[Event "Team 45 45 League T82"]
[Site "Internet Chess Club"]
[Date "2019.10.20"]
[Round "4"]
[White "kabindra"]
[Black "WillC"]
[Result "1-0"]
[WhiteElo "1750"]
[BlackElo "1541"]
[Opening "Caro-Kann: advance variation"]
[ECO "B12"]
[Time "16:05:37"]
[TimeControl "2700+45"]

1. e4 c6 2. d4 d5 3. e5 Bf5 4. Ne2 e6 5. Ng3 Bg6 6. h4 h6 7. h5 Bh7 8. Bd3 Bxd3
9. cxd3 Qb6 10. Be3 Qxb2 11. Nd2 Qb6 12. O-O Be7 13. Qg4 Bf8 14. Nb3 Nd7 15. Nc5
Nxc5 16. dxc5 Qc7 17. d4 Ne7 18. f4 O-O-O 19. f5 exf5 20. Nxf5 Nxf5 21. Qxf5+
Rd7 22. Bf4 Qd8 23. Rab1 b6 24. cxb6 axb6 25. Rfc1 Kb7 26. e6 fxe6 27. Qxe6 Qc8
28. Qh3 Be7 29. Qb3 Bd8 30. Bd2 Qa8 31. Rxc6 Kxc6 32. Qb5+ Kb7 33. Qxd7+ Kb8 34.
Bf4+ {Black resigns} 1-0

[Event "Team 45 45 League T82"]
[Site "Internet Chess Club"]
[Date "2019.10.19"]
[Round "4"]
[White "clarinetref"]
[Black "julesraider"]
[Result "0-1"]
[WhiteElo "1508"]
[BlackElo "1667"]
[Opening "Benko's opening"]
[ECO "A00"]
[Time "14:53:05"]
[TimeControl "2700+45"]

1. g3 Nf6 2. Bg2 g6 3. e4 d6 4. d4 Bg7 5. Ne2 O-O 6. Nbc3 c5 7. h3 Nbd7 8. Be3
a6 9. O-O Qc7 10. a4 cxd4 11. Nxd4 Ne5 12. Qc1 Nc4 13. Nd5 Nxd5 14. exd5 Nxe3
15. fxe3 Qc4 16. c3 Bd7 17. Qd2 Bxa4 18. Rf4 Be5 19. Bf1 Qxd5 20. Rxa4 Bxf4 21.
Bg2 Bxe3+ 22. Qxe3 Qe5 23. Qf2 Rab8 24. Rb4 d5 25. Nf3 Qc7 26. Qe3 Qxg3 27. Qh6
f6 28. Rg4 Qd6 29. Rh4 Kf7 30. Qxh7+ Ke8 31. Qxg6+ Kd8 32. Nd4 Kc7 33. Qf5 Rg8
34. Ne6+ Kb6 35. Qf2+ Kc6 36. c4 Rxg2+ 37. Qxg2 Qxe6 38. cxd5+ Qxd5 39. Rc4+ Kd6
40. Qg3+ e5 41. Qa3+ Ke6 42. Rg4 Rc8 43. Qe3 Qd1+ 44. Kg2 Rc2+ 45. Kg3 Rxb2 46.
Rg8 Rb3 47. Re8+ Kf7 48. Rd8 Rxe3+ {White resigns} 0-1

[Event "Team 45 45 League T82"]
[Site "Internet Chess Club"]
[Date "2019.10.18"]
[Round "4"]
[White "cool64chess"]
[Black "Ajolote"]
[Result "1-0"]
[WhiteElo "2021"]
[BlackElo "1840"]
[Opening "Nimzo-Indian: Kmoch variation"]
[ECO "E24"]
[Time "12:05:35"]
[TimeControl "2700+45"]

1. d4 Nf6 2. c4 e6 3. Nc3 Bb4 4. f3 c5 5. a3 Bxc3+ 6. bxc3 O-O 7. e3 d6 8. Bd3
Nbd7 9. Ne2 e5 10. O-O Re8 11. a4 b6 12. e4 cxd4 13. cxd4 Ba6 14. Be3 Rc8 15.
Rc1 exd4 16. Nxd4 d5 17. cxd5 Rxc1 18. Bxc1 Bxd3 19. Qxd3 Nc5 20. Qc2 Nfd7 21.
Ba3 f5 22. Nxf5 Qg5 23. a5 g6 24. Bc1 Qf6 25. Nh6+ Kf8 26. Ng4 Qd6 27. axb6 axb6
28. Qc3 Kf7 29. Nh6+ Ke7 {Black resigns} 1-0

[Event "Team 45 45 League T82"]
[Site "Internet Chess Club"]
[Date "2019.10.17"]
[Round "4"]
[White "joaoazm"]
[Black "mccannj"]
[Result "1-0"]
[WhiteElo "1827"]
[BlackElo "1752"]
[Opening "Réti: King's Indian attack"]
[ECO "A05"]
[Time "17:30:09"]
[TimeControl "2700+45"]

1. Nf3 Nf6 2. g3 g6 3. Bg2 Bg7 4. c4 c5 5. Nc3 d5 6. cxd5 Nxd5 7. O-O O-O 8.
Nxd5 Qxd5 9. d3 Nc6 10. Be3 Bd7 11. Nd4 Qd6 12. Nxc6 Bxc6 13. Bxc6 Qxc6 14. Rc1
Bxb2 15. Rxc5 Qa6 16. Qb3 Ba3 17. Rc7 b6 18. Bh6 Rfe8 19. Qc3 e5 20. Qc6 Bf8 21.
Qd5 {Black resigns} 1-0

[Event "Team 45 45 League T82"]
[Site "Internet Chess Club"]
[Date "2019.10.20"]
[Round "4"]
[White "ascoli"]
[Black "nealbruce"]
[Result "0-1"]
[WhiteElo "1524"]
[BlackElo "1714"]
[Opening "QGD: Tarrasch defense, 4.cd ed"]
[ECO "D32"]
[Time "14:01:12"]
[TimeControl "2700+45"]

1. d4 d5 2. c4 e6 3. Nc3 c5 4. cxd5 exd5 5. g3 cxd4 6. Qxd4 Nf6 7. Nf3 Nc6 8.
Qd1 d4 9. Na4 b5 10. Qc2 Nb4 11. Qd1 Bf5 12. Nxd4 Qxd4 13. Nc3 Nc2+ 14. Qxc2
Bxc2 {White resigns} 0-1

[Event "Team 45 45 League T82"]
[Site "Internet Chess Club"]
[Date "2019.10.20"]
[Round "4"]
[White "fireball"]
[Black "evan7284"]
[Result "0-1"]
[WhiteElo "1481"]
[BlackElo "1663"]
[Opening "Four knights: Italian variation"]
[ECO "C28"]
[Time "12:01:41"]
[TimeControl "2700+45"]

1. e4 e5 2. Nc3 Nc6 3. Bc4 Nf6 4. Nf3 Nxe4 5. Nxe4 d5 6. Bd3 dxe4 7. Bxe4 Bd6 8.
O-O Bg4 9. h3 Bh5 10. g4 Bg6 11. Bxc6+ bxc6 12. d3 O-O 13. b3 Qd7 14. Bb2 Rfe8
15. Nh4 Re6 16. Nxg6 Rxg6 17. Qe2 h5 18. f3 hxg4 19. fxg4 f5 20. Rf2 Bc5 21. d4
Bxd4 22. Bxd4 Qxd4 23. Rd1 Qc5 24. Qc4+ Qxc4 25. bxc4 fxg4 26. Rg2 Rd6 27. Rf1
gxh3 28. Rh2 Rg6+ 29. Kh1 Rg3 30. Re2 Re8 31. Kh2 Rc3 32. Rb1 Ra3 33. Rb7 Re7
34. Rb3 Rxb3 35. cxb3 Kf7 36. Kxh3 Ke6 37. Kg4 Rf7 38. Kg5 Re7 39. Rd2 e4 40.
Re2 Kf7 41. Rf2+ Kg8 42. Re2 e3 43. Kg6 Re6+ 44. Kf5 Kf7 45. Kg5 g6 46. Kf4 Kf6
47. Kg4 g5 48. Kf3 Kf5 49. Rxe3 Rxe3+ 50. Kxe3 c5 51. Kf3 a5 52. Kg3 g4 53. a3
c6 54. Kf2 Kf4 55. Kg2 g3 56. Kf1 Ke3 57. Kg2 Kd3 58. Kxg3 Kc3 59. Kf4 Kxb3 60.
Ke5 Kxc4 61. Kd6 Kb5 {White resigns} 0-1

[Event "Team 45 45 League T82"]
[Site "Internet Chess Club"]
[Date "2019.10.18"]
[Round "4"]
[White "noblitz-oblige"]
[Black "julesraider"]
[Result "0-1"]
[WhiteElo "1513"]
[BlackElo "1657"]
[Opening "Caro-Kann: exchange variation"]
[ECO "B13"]
[Time "12:00:43"]
[TimeControl "2700+45"]

1. e4 c6 2. d4 d5 3. exd5 cxd5 4. Nf3 Bg4 5. Be2 Nc6 6. O-O Qc7 7. Nc3 e6 8. Re1
Bd6 9. h3 Bh5 10. a3 a6 11. b4 Nxb4 12. axb4 Qxc3 13. Bd2 Qc7 14. Bb5+ Kf8 15.
Re3 Nf6 16. Rc3 Qb6 17. Qe2 Ne4 18. Rca3 Nxd2 19. Bxa6 Nxf3+ 20. gxf3 Qxb4 21.
Ra4 Rxa6 22. Rxa6 bxa6 23. Qxa6 g6 24. Ra4 Qb8 25. Qc6 Kg7 {White resigns} 0-1

[Event "Team 45 45 League T82"]
[Site "Internet Chess Club"]
[Date "2019.10.20"]
[Round "4"]
[White "Toalla"]
[Black "chesskix"]
[Result "1/2-1/2"]
[WhiteElo "1221"]
[BlackElo "1280"]
[Opening "Sicilian: Alapin's variation (2.c3)"]
[ECO "B22"]
[Time "13:09:38"]
[TimeControl "2700+45"]

1. e4 c5 2. c3 Nc6 3. Bb5 a6 4. Bxc6 dxc6 5. d4 cxd4 6. cxd4 Nf6 7. Nc3 g6 8. b3
Bg7 9. e5 Nd5 10. Nxd5 cxd5 11. Nf3 Bg4 12. h3 Bf5 13. Nh4 e6 14. Nxf5 exf5 15.
O-O O-O 16. Ba3 Re8 17. Rc1 Bf8 18. Bxf8 Kxf8 19. Rc5 Rc8 20. Qc1 Kg7 21. Qc2 b6
22. Rc3 Rxc3 23. Qxc3 f6 24. Re1 fxe5 25. Rxe5 Rxe5 26. dxe5 Kf7 27. f4 Qe7 28.
Kf2 Qc5+ 29. Qxc5 bxc5 30. Ke3 Ke6 31. Kd3 a5 32. Kc3 h6 33. g3 g5 34. a3 gxf4
35. gxf4 h5 36. h4 {Game drawn by mutual agreement} 1/2-1/2

[Event "Team 45 45 League T82"]
[Site "Internet Chess Club"]
[Date "2019.10.19"]
[Round "4"]
[White "OGO"]
[Black "olivermx"]
[Result "0-1"]
[WhiteElo "1215"]
[BlackElo "1296"]
[Opening "QGD Slav defense"]
[ECO "D10"]
[Time "13:00:45"]
[TimeControl "2700+45"]

1. d4 d5 2. c4 c6 3. Nc3 Nf6 4. g3 h6 5. e3 e6 6. Nge2 Be7 7. cxd5 cxd5 8. Bg2
b6 9. O-O O-O 10. Bd2 Bb7 11. Qc2 Nbd7 12. Rac1 Rc8 13. Qd3 a6 14. e4 Re8 15.
exd5 exd5 16. Nf4 Nf8 17. Rfe1 Qd6 18. Nce2 Ne6 19. a3 Qd7 20. Nc3 Bf8 21. Qf5
Nxd4 22. Qxd7 Nxd7 23. Rxe8 Rxe8 24. Nfxd5 Bxd5 25. Nxd5 Ne2+ 26. Kf1 Nxc1 27.
Bxc1 Rc8 28. Be3 Rc2 29. Bd4 Bc5 30. Bxc5 bxc5 31. Nc7 Rxb2 32. Nxa6 Ra2 33. Bc6
Rxa3 34. Bxd7 Rxa6 35. Ke2 Ra7 36. Bb5 Rc7 37. Kd3 g5 38. g4 Kg7 39. f3 Kg6 40.
Bc4 f5 41. Be6 fxg4 42. fxg4 h5 43. h3 hxg4 44. hxg4 Kf6 45. Bd5 Ke5 46. Bc4 Kf4
47. Be6 Re7 48. Bf5 Re3+ 49. Kc4 Rg3 50. Kxc5 Rxg4 51. Bxg4 Kxg4 52. Kd4 Kf3
{White resigns} 0-1

[Event "Team 45 45 League T82"]
[Site "Internet Chess Club"]
[Date "2019.10.20"]
[Round "4"]
[White "kabubi"]
[Black "kingsrook"]
[Result "0-1"]
[WhiteElo "1131"]
[BlackElo "1272"]
[Opening "Sicilian defense"]
[ECO "B20"]
[Time "13:00:40"]
[TimeControl "2700+45"]

1. e4 c5 2. d3 e6 3. g3 d5 4. Nd2 Nc6 5. Bg2 Nf6 6. Qe2 Be7 7. Ngf3 O-O 8. O-O
b6 9. c3 Ba6 10. Re1 dxe4 11. dxe4 Bxe2 {White resigns} 0-1